New York Rangers vs St.Louis Blues
Created - Saturday, February 7, 2026 at 07:17
Goals
|
| New York Rangers |
0 |
0 |
1 |
1 |
| St.Louis Blues |
2 |
1 |
0 |
3 |
|
Shots
|
| New York Rangers |
13 |
6 |
2 |
21 |
| St.Louis Blues |
18 |
12 |
5 |
35 |
|
1st period
1. St.Louis Blues , Alex Tuch 2 (Jake Sanderson 8) at 15:59
2. St.Louis Blues , Robert Thomas 7 (Jack Eichel 11) at 17:41
Penalties :
Kevin Lankinen (NYR) for Slashing (Minor) at 1:23 - Olli Maatta served the penalty
2nd period
3. St.Louis Blues , Vincent Trocheck 6 (Brandon Hagel 5) at 8:39
Penalties :
Adam Larsson (NYR) for Hooking (Minor) at 2:02, Timo Meier (NYR) for Holding (Minor) at 11:33
3rd period
4. New York Rangers , Conor Garland 1 (Marcus Foligno 1, Victor Hedman 9) at 1:49
Penalties :
Colton Parayko (STL) for Delaying the game (Minor) at 2:16, Logan Stanley (NYR) for Roughing (Minor) at 7:32, Nikita Kucherov (STL) for Tripping (Minor) at 13:37
Goalie Stats
Kevin Lankinen (NYR), 32 saves from 35 shots - (0.914), L, 1-1-0, 60:00 minutes
Connor Hellebuyck (STL), 20 saves from 21 shots - (0.952), W, 7-5-0, 60:00 minutes
Players Stats for New York Rangers
Player Name G A P +/- PIM S H SB GA TA FO MP PP MP PK MP
------------------------------------------------------------------------------------
Adam Larsson 0 0 0 1 2 1 1 2 0 0 0/0 22:50 1:48 3:43
Artemi Panarin 0 0 0 -2 0 4 1 1 0 0 0/1 18:32 2:00 0:00
Cole Caufield 0 0 0 -2 0 3 3 0 0 0 0/2 18:55 2:00 0:25
Conor Garland 1 0 1 1 0 3 0 0 0 0 0/0 6:50 0:00 0:00
Dmitry Kulikov 0 0 0 -2 0 1 1 1 1 0 0/0 16:15 0:00 2:35
Dylan Strome 0 0 0 -1 0 0 1 0 1 0 3/3 12:22 1:56 0:00
Evgeni Malkin 0 0 0 0 0 1 1 0 0 1 7/11 16:07 2:10 0:11
Kyle Palmieri 0 0 0 0 0 2 2 0 0 0 0/0 15:14 1:56 0:00
Logan Stanley 0 0 0 -1 2 0 1 4 0 1 0/0 17:24 0:00 0:00
Luke Schenn 0 0 0 1 0 0 0 1 0 0 0/0 19:42 0:00 3:01
Marcus Foligno 0 1 1 1 0 1 2 0 1 0 0/0 12:01 0:02 3:53
Mikael Granlund 0 0 0 -1 0 0 2 1 0 1 0/3 16:46 1:50 3:55
Nathan MacKinnon 0 0 0 -2 0 3 0 0 2 1 8/27 18:21 2:00 0:00
Noel Acciari 0 0 0 1 0 0 1 1 0 0 2/3 11:13 0:02 3:38
Olli Maatta 0 0 0 -2 0 0 0 0 0 1 0/0 16:16 0:00 3:32
Teuvo Teravainen 0 0 0 -1 0 1 1 1 0 0 2/4 14:45 0:00 3:50
Timo Meier 0 0 0 0 2 1 1 0 1 1 0/1 15:21 1:56 0:00
Victor Hedman 0 1 1 -1 0 0 0 1 0 0 0/0 23:07 2:10 3:01
Players Stats for St.Louis Blues
Player Name G A P +/- PIM S H SB GA TA FO MP PP MP PK MP
------------------------------------------------------------------------------------
Adam Pelech 0 0 0 -1 0 0 0 0 0 0 0/0 11:26 0:00 0:00
Alex Tuch 1 0 1 2 0 5 3 0 3 0 0/0 15:53 3:20 0:00
Artem Zub 0 0 0 -1 0 0 1 0 0 1 0/0 13:19 0:00 2:05
Brandon Hagel 0 1 1 2 0 4 2 0 0 1 0/0 15:02 3:19 0:00
Brandon Tanev 0 0 0 0 0 0 2 0 0 0 0/0 9:47 0:00 1:50
Brayden Point 0 0 0 -1 0 3 1 1 1 0 3/8 18:35 4:36 0:00
Colton Parayko 0 0 0 1 2 1 0 0 0 0 0/0 20:47 0:00 1:08
Isac Lundestrom 0 0 0 0 0 0 2 0 0 0 2/3 11:25 3:19 1:53
Jaccob Slavin 0 0 0 2 0 0 0 2 0 0 0/0 17:40 0:00 1:30
Jack Eichel 0 1 1 1 0 2 1 1 0 0 1/1 20:04 4:37 0:00
Jake Guentzel 0 0 0 -1 0 1 0 0 0 1 4/8 18:25 4:37 0:07
Jake Sanderson 0 1 1 1 0 4 0 2 0 2 0/0 27:12 4:36 2:28
Logan O'Connor 0 0 0 0 0 1 0 0 1 0 0/0 8:32 0:00 1:52
Mark Stone 0 0 0 -1 0 3 1 0 0 0 0/1 13:58 0:00 0:00
Mikhail Sergachev 0 0 0 2 0 2 0 1 0 1 0/0 20:57 3:20 0:45
Nikita Kucherov 0 0 0 1 2 1 2 1 1 0 0/0 20:45 4:37 0:12
Robert Thomas 1 0 1 1 0 3 0 1 0 0 17/26 15:15 0:00 0:06
Vincent Trocheck 1 0 1 2 0 5 1 0 0 0 6/8 16:58 3:19 1:56
3 Stars
1 - Alex Tuch (STL)
2 - Vincent Trocheck (STL)
3 - Robert Thomas (STL)
Power Play
New York Rangers - 0 on 2 Attempt(s) - 0.00%
St.Louis Blues - 0 on 4 Attempt(s) - 0.00%
Penalty Kill
New York Rangers - 4 on 4 Attempt(s) - 100.00%
- Score 0 goal in Penalty Kill
St.Louis Blues - 2 on 2 Attempt(s) - 100.00%
- Score 0 goal in Penalty Kill
Team Stat
New York Rangers - Hits : 18 - Faceoff Wins : 22 - Blocked Shots : 13 - Penalty Minutes : 8
St.Louis Blues - Hits : 16 - Faceoff Wins : 33 - Blocked Shots : 9 - Penalty Minutes : 4
Official
Referees : Corey Syvret and Reid Anderson
Linesman : Unknown
Game Notes
No Game Note
Finance
Level 1 -- Attendance: 5955 (99.25%) -- Ticket Income $565,725
Level 2 -- Attendance: 3662 (73.24%) -- Ticket Income $208,734
Level 3 -- Attendance: 2753 (91.77%) -- Ticket Income $90,849
Level 4 -- Attendance: 4611 (92.22%) -- Ticket Income $106,053
Luxury Box -- Attendance: 720 (72.00%) -- Ticket Income $139,680
Game was played at the Scottrade Center.
Total Attendance: 17701 (88.51%)
Total Ticket Income: $1,111,041
Other Income: $388,864
Total Income: $1,499,905
New York Rangers
5 vs 5 Forward
Center Left Wing Right Wing Time % Phy DF OF
1 Nathan MacKinnon Artemi Panarin Cole Caufield 40 0 1 4
2 Evgeni Malkin Timo Meier Kyle Palmieri 30 1 1 3
3 Dylan Strome Teuvo Teravainen Mikael Granlund 20 1 2 2
4 Noel Acciari Marcus Foligno Conor Garland 10 2 2 1
5 vs 5 Defense
Defense Defense Time % Phy DF OF
1 Victor Hedman Logan Stanley 40 0 3 2
2 Luke Schenn Adam Larsson 35 0 4 1
3 Olli Maatta Dmitry Kulikov 25 2 3 0
4 Dmitry Kulikov Adam Larsson 0 1 2 2
PowerPlay Forward
Center Left Wing Right Wing Time % Phy DF OF
1 Nathan MacKinnon Cole Caufield Artemi Panarin 50 0 0 5
2 Dylan Strome Timo Meier Kyle Palmieri 50 0 1 4
PowerPlay Defense
Defense Defense Time % Phy DF OF
1 Victor Hedman Evgeni Malkin 65 0 0 5
2 Adam Larsson Mikael Granlund 35 0 1 4
Penalty Kill 4 Players Forward
Center Wing Time % Phy DF OF
1 Mikael Granlund Noel Acciari 50 1 4 0
2 Teuvo Teravainen Marcus Foligno 50 2 3 0
Penalty Kill 4 Players Defense
Defense Defense Time % Phy DF OF
1 Olli Maatta Adam Larsson 60 1 4 0
2 Luke Schenn Victor Hedman 40 2 3 0
Penalty Kill - 3 Players Forward
Forward Time % Phy DF OF
1 Mikael Granlund 50 0 5 0
2 Noel Acciari 50 0 5 0
Penalty Kill - 3 Players Defense
Defense Defense Time % Phy DF OF
1 Olli Maatta Adam Larsson 50 1 2 2
2 Victor Hedman Luke Schenn 50 0 5 0
4 vs 4 Forward
Center Wing Time % Phy DF OF
1 Nathan MacKinnon Artemi Panarin 50 0 2 3
2 Evgeni Malkin Cole Caufield 50 0 2 3
4 vs 4 Defense
Defense Defense Time % Phy DF OF
1 Victor Hedman Olli Maatta 50 1 2 2
2 Adam Larsson Luke Schenn 50 1 2 2
Last Minutes Offensive
Center Left Wing Right Wing Defense Defense
Nathan MacKinnon Cole Caufield Artemi Panarin Victor Hedman Logan Stanley
Last Minutes Defensive
Center Left Wing Right Wing Defense Defense
Mikael Granlund Noel Acciari Teuvo Teravainen Adam Larsson Logan Stanley
Goaltenders
Starting : Kevin Lankinen
Backup : Igor Shesterkin
Extra Forwards
Normal : Timo Meier, Dylan Strome, Teuvo Teravainen - PP : Timo Meier, Dylan Strome - PK : Teuvo Teravainen
Extra Defensemen
Normal : Adam Larsson, Olli Maatta, Luke Schenn - PP : Adam Larsson - PK : Olli Maatta, Adam Larsson
Penalty Shots
Nathan MacKinnon, Evgeni Malkin, Mikael Granlund, Artemi Panarin, Kyle Palmieri
Scratches
Jake Walman (Sprained Left Ankle Injury)
St.Louis Blues
5 vs 5 Forward
Center Left Wing Right Wing Time % Phy DF OF
1 Robert Thomas Jack Eichel Nikita Kucherov 40 0 2 3
2 Brayden Point Jake Guentzel Mark Stone 30 0 2 3
3 Vincent Trocheck Brandon Hagel Alex Tuch 25 1 2 2
4 Isac Lundestrom Brandon Tanev Logan O'Connor 5 1 3 1
5 vs 5 Defense
Defense Defense Time % Phy DF OF
1 Jake Sanderson Colton Parayko 45 0 3 2
2 Mikhail Sergachev Jaccob Slavin 35 0 3 2
3 Artem Zub Adam Pelech 20 1 2 2
4 Jake Sanderson Colton Parayko 0 0 3 2
PowerPlay Forward
Center Left Wing Right Wing Time % Phy DF OF
1 Jake Guentzel Jack Eichel Nikita Kucherov 60 0 0 5
2 Vincent Trocheck Brandon Hagel Isac Lundestrom 40 0 0 5
PowerPlay Defense
Defense Defense Time % Phy DF OF
1 Brayden Point Jake Sanderson 60 0 0 5
2 Alex Tuch Mikhail Sergachev 40 0 0 5
Penalty Kill 4 Players Forward
Center Wing Time % Phy DF OF
1 Vincent Trocheck Brandon Tanev 50 0 5 0
2 Isac Lundestrom Logan O'Connor 50 0 5 0
Penalty Kill 4 Players Defense
Defense Defense Time % Phy DF OF
1 Colton Parayko Jake Sanderson 50 1 4 0
2 Jaccob Slavin Artem Zub 50 1 4 0
Penalty Kill - 3 Players Forward
Forward Time % Phy DF OF
1 Vincent Trocheck 50 0 5 0
2 Isac Lundestrom 50 0 5 0
Penalty Kill - 3 Players Defense
Defense Defense Time % Phy DF OF
1 Colton Parayko Mikhail Sergachev 50 0 5 0
2 Jaccob Slavin Artem Zub 50 0 5 0
4 vs 4 Forward
Center Wing Time % Phy DF OF
1 Jack Eichel Nikita Kucherov 50 0 2 3
2 Vincent Trocheck Brayden Point 50 0 2 3
4 vs 4 Defense
Defense Defense Time % Phy DF OF
1 Jake Sanderson Jaccob Slavin 50 0 3 2
2 Mikhail Sergachev Colton Parayko 50 0 3 2
Last Minutes Offensive
Center Left Wing Right Wing Defense Defense
Robert Thomas Jack Eichel Nikita Kucherov Brayden Point Jake Sanderson
Last Minutes Defensive
Center Left Wing Right Wing Defense Defense
Vincent Trocheck Isac Lundestrom Brandon Tanev Jaccob Slavin Colton Parayko
Goaltenders
Starting : Connor Hellebuyck
Backup : Will Cranley
Extra Forwards
Normal : Jake Guentzel, Alex Tuch, Mark Stone - PP : Nikita Kucherov, Mark Stone - PK : Nikita Kucherov
Extra Defensemen
Normal : Mikhail Sergachev, Jaccob Slavin, Artem Zub - PP : Colton Parayko - PK : Artem Zub, Mikhail Sergachev
Penalty Shots
Alex Tuch, Brayden Point, Jake Guentzel, Jack Eichel, Nikita Kucherov
Scratches
Matthew Seminoff (Healthy), Connor Clifton (Healthy), Joona Koppanen (Healthy), Scott Wedgewood (Left Hand Injury)
% Time on Ice - New York Rangers
Lines # - Real PCT - Wanted PCT - Time Play
Normal Forward
1 - 35% - 40% - 16:59
2 - 31% - 30% - 14:53
3 - 20% - 20% - 9:24
4 - 14% - 10% - 6:50
Normal Defense
1 - 36% - 40% - 17:33
2 - 36% - 35% - 17:23
3 - 26% - 25% - 12:31
4 - 1% - 0% - 0:39
PP Forward
1 - 50% - 50% - 2:00
2 - 50% - 50% - 1:58
PP Defense
1 - 55% - 65% - 2:10
2 - 45% - 35% - 1:48
PK Forward
1 - 50% - 50% - 4:00
2 - 50% - 50% - 3:56
PK Defense
1 - 62% - 60% - 4:55
2 - 38% - 40% - 3:01
PK3 Forward
1 - 0% - 50%
2 - 0% - 50%
PK3 Defense
1 - 0% - 50%
2 - 0% - 50%
44 Forward
1 - 0% - 50%
2 - 0% - 50%
44 Defense
1 - 0% - 50%
2 - 0% - 50%
Last Minute Offensive - 0:00
Last Minute Defensive - 0:00
Total
Forward - 60:00
Defense - 60:00
|
% Time on Ice - St.Louis Blues
Lines # - Real PCT - Wanted PCT - Time Play
Normal Forward
1 - 34% - 40% - 16:35
2 - 27% - 30% - 13:08
3 - 24% - 25% - 11:43
4 - 14% - 5% - 6:40
Normal Defense
1 - 43% - 45% - 20:50
2 - 33% - 35% - 15:50
3 - 24% - 20% - 11:26
4 - 0% - 0% - 0:00
PP Forward
1 - 58% - 60% - 4:37
2 - 42% - 40% - 3:19
PP Defense
1 - 58% - 60% - 4:36
2 - 42% - 40% - 3:20
PK Forward
1 - 50% - 50% - 1:59
2 - 50% - 50% - 1:59
PK Defense
1 - 65% - 50% - 2:34
2 - 35% - 50% - 1:24
PK3 Forward
1 - 0% - 50%
2 - 0% - 50%
PK3 Defense
1 - 0% - 50%
2 - 0% - 50%
44 Forward
1 - 0% - 50%
2 - 0% - 50%
44 Defense
1 - 0% - 50%
2 - 0% - 50%
Last Minute Offensive - 0:00
Last Minute Defensive - 0:00
Total
Forward - 60:00
Defense - 60:00
|
Play-by-Play
1st period
0:01 of 1st period - Robert Thomas wins face-off versus Nathan MacKinnon in neutral zone.
0:44 of 1st period - Wrist shot by Vincent Trocheck.
0:44 of 1st period - Deflect By Alex Tuch.
0:44 of 1st period - Stopped by Kevin Lankinen with a rebound.
1:03 of 1st period - Icing by Colton Parayko.
1:04 of 1st period - Isac Lundestrom wins face-off versus Noel Acciari in St.Louis Blues zone.
1:04 of 1st period - Isac Lundestrom is hit by Marcus Foligno.
1:13 of 1st period - Off-side.
1:14 of 1st period - Robert Thomas wins face-off versus Nathan MacKinnon in neutral zone.
1:23 of 1st period - Wrist shot by Robert Thomas.
1:23 of 1st period - Deflect By Jack Eichel.
1:23 of 1st period - Stopped by Kevin Lankinen without a rebound.
1:23 of 1st period - Minor Penalty to Kevin Lankinen for Slashing.
1:24 of 1st period - Jake Guentzel wins face-off versus Mikael Granlund in New York Rangers zone.
1:29 of 1st period - Wrist shot by Jack Eichel.
1:29 of 1st period - Shot Blocked by Noel Acciari.
1:36 of 1st period - Icing by Jake Sanderson.
1:37 of 1st period - Jake Guentzel wins face-off versus Teuvo Teravainen in St.Louis Blues zone.
2:02 of 1st period - Snap shot by Jack Eichel.
2:02 of 1st period - Shot Misses the Net.
2:10 of 1st period - Wrist shot by Teuvo Teravainen.
2:10 of 1st period - Deflect By Jake Guentzel.
2:10 of 1st period - Shot Blocked by Jake Sanderson.
2:10 of 1st period - Puck is out of play.
2:11 of 1st period - Vincent Trocheck wins face-off versus Mikael Granlund in St.Louis Blues zone.
2:36 of 1st period - Noel Acciari is hit by Alex Tuch and loses puck.
3:23 of 1st period - Penalty to Olli Maatta is over, Olli Maatta is back on ice.
3:51 of 1st period - Mark Stone is hit by Cole Caufield.
5:06 of 1st period - Luke Schenn is hit by Brandon Hagel and loses puck.
6:07 of 1st period - Snap shot by Timo Meier.
6:07 of 1st period - Shot Misses the Net.
6:09 of 1st period - Snap shot by Timo Meier.
6:09 of 1st period - Shot Misses the Net.
6:26 of 1st period - Snap shot by Alex Tuch.
6:26 of 1st period - Stopped by Kevin Lankinen with a rebound.
7:05 of 1st period - Mikhail Sergachev is hit by Logan Stanley and loses puck.
7:49 of 1st period - Snap shot by Cole Caufield.
7:49 of 1st period - Stopped by Connor Hellebuyck without a rebound.
7:50 of 1st period - Vincent Trocheck wins face-off versus Artemi Panarin in St.Louis Blues zone.
8:07 of 1st period - Snap shot by Brandon Hagel.
8:07 of 1st period - Stopped by Kevin Lankinen without a rebound.
8:08 of 1st period - Dylan Strome wins face-off versus Robert Thomas in New York Rangers zone.
8:23 of 1st period - Wrist shot by Jack Eichel.
8:23 of 1st period - Stopped by Kevin Lankinen with a rebound.
8:49 of 1st period - Backhand shot by Brayden Point.
8:49 of 1st period - Deflect By Jake Guentzel.
8:49 of 1st period - Shot Blocked by Luke Schenn.
8:49 of 1st period - Puck is out of play.
8:50 of 1st period - Evgeni Malkin wins face-off versus Vincent Trocheck in New York Rangers zone.
9:36 of 1st period - Slapshot by Vincent Trocheck.
9:36 of 1st period - Shot Misses the Net.
9:38 of 1st period - Wrist shot by Alex Tuch.
9:38 of 1st period - Shot Blocked by Teuvo Teravainen.
9:40 of 1st period - Snap shot by Brandon Hagel.
9:40 of 1st period - Stopped by Kevin Lankinen with a rebound.
9:50 of 1st period - Snap shot by Vincent Trocheck.
9:50 of 1st period - Stopped by Kevin Lankinen with a rebound.
9:52 of 1st period - Backhand shot by Alex Tuch.
9:52 of 1st period - Stopped by Kevin Lankinen with a rebound.
9:54 of 1st period - Snap shot by Brandon Hagel.
9:54 of 1st period - Stopped by Kevin Lankinen with a rebound.
10:02 of 1st period - Snap shot by Brandon Hagel.
10:02 of 1st period - Shot Blocked by Mikael Granlund.
10:04 of 1st period - Slapshot by Jake Sanderson.
10:04 of 1st period - Stopped by Kevin Lankinen with a rebound.
10:06 of 1st period - Snap shot by Vincent Trocheck.
10:06 of 1st period - Stopped by Kevin Lankinen with a rebound.
10:08 of 1st period - Wrist shot by Brandon Hagel.
10:08 of 1st period - Shot Misses the Net.
10:18 of 1st period - Slapshot by Brandon Hagel.
10:18 of 1st period - Shot Misses the Net.
10:20 of 1st period - Wrist shot by Brandon Hagel.
10:20 of 1st period - Shot Misses the Net.
10:22 of 1st period - Wrist shot by Alex Tuch.
10:22 of 1st period - Shot Misses the Net.
10:30 of 1st period - Slapshot by Alex Tuch.
10:30 of 1st period - Stopped by Kevin Lankinen without a rebound.
10:31 of 1st period - Robert Thomas wins face-off versus Nathan MacKinnon in New York Rangers zone.
10:46 of 1st period - Snap shot by Artemi Panarin.
10:46 of 1st period - Deflect By Robert Thomas.
10:46 of 1st period - Stopped by Connor Hellebuyck with a rebound.
11:05 of 1st period - Wrist shot by Timo Meier.
11:05 of 1st period - Stopped by Connor Hellebuyck without a rebound.
11:06 of 1st period - Evgeni Malkin wins face-off versus Brayden Point in St.Louis Blues zone.
11:24 of 1st period - Off-side.
11:25 of 1st period - Nathan MacKinnon wins face-off versus Robert Thomas in neutral zone.
11:34 of 1st period - Wrist shot by Artemi Panarin.
11:34 of 1st period - Stopped by Connor Hellebuyck without a rebound.
11:35 of 1st period - Robert Thomas wins face-off versus Nathan MacKinnon in St.Louis Blues zone.
11:46 of 1st period - Wrist shot by Nathan MacKinnon.
11:46 of 1st period - Stopped by Connor Hellebuyck with a rebound.
11:50 of 1st period - Wrist shot by Nathan MacKinnon.
11:50 of 1st period - Stopped by Connor Hellebuyck without a rebound.
11:51 of 1st period - Evgeni Malkin wins face-off versus Brayden Point in St.Louis Blues zone.
11:54 of 1st period - Snap shot by Evgeni Malkin.
11:54 of 1st period - Shot Blocked by Jake Sanderson.
11:59 of 1st period - Off-side.
12:00 of 1st period - Brayden Point wins face-off versus Evgeni Malkin in neutral zone.
12:07 of 1st period - Slapshot by Brayden Point.
12:07 of 1st period - Shot Blocked by Logan Stanley.
12:09 of 1st period - Slapshot by Jake Sanderson.
12:09 of 1st period - Shot Misses the Net.
12:13 of 1st period - Wrist shot by Brayden Point.
12:13 of 1st period - Stopped by Kevin Lankinen without a rebound.
12:14 of 1st period - Robert Thomas wins face-off versus Nathan MacKinnon in New York Rangers zone.
13:44 of 1st period - Wrist shot by Artemi Panarin.
13:44 of 1st period - Shot Misses the Net.
14:06 of 1st period - Slapshot by Conor Garland.
14:06 of 1st period - Stopped by Connor Hellebuyck without a rebound.
14:07 of 1st period - Noel Acciari wins face-off versus Brayden Point in St.Louis Blues zone.
14:26 of 1st period - Snap shot by Marcus Foligno.
14:26 of 1st period - Shot Misses the Net.
14:28 of 1st period - Wrist shot by Marcus Foligno.
14:28 of 1st period - Shot Blocked by Jaccob Slavin.
14:30 of 1st period - Slapshot by Adam Larsson.
14:30 of 1st period - Stopped by Connor Hellebuyck with a rebound.
14:32 of 1st period - Slapshot by Noel Acciari.
14:32 of 1st period - Deflect By Conor Garland.
14:32 of 1st period - Shot Misses the Net.
14:32 of 1st period - Puck is out of play.
14:33 of 1st period - Robert Thomas wins face-off versus Nathan MacKinnon in St.Louis Blues zone.
15:22 of 1st period - Colton Parayko is hit by Mikael Granlund and loses puck.
15:27 of 1st period - Snap shot by Teuvo Teravainen.
15:27 of 1st period - Stopped by Connor Hellebuyck with a rebound.
15:59 of 1st period - Wrist shot by Alex Tuch.
15:59 of 1st period - Goal by Alex Tuch - New York Rangers : 0 - St.Louis Blues : 1.
16:00 of 1st period - Jack Eichel wins face-off versus Nathan MacKinnon in neutral zone.
16:37 of 1st period - Wrist shot by Jake Guentzel.
16:37 of 1st period - Shot Blocked by Adam Larsson.
16:39 of 1st period - Snap shot by Mikhail Sergachev.
16:39 of 1st period - Stopped by Kevin Lankinen with a rebound.
17:11 of 1st period - Snap shot by Nathan MacKinnon.
17:11 of 1st period - Shot Misses the Net.
17:13 of 1st period - Slapshot by Nathan MacKinnon.
17:13 of 1st period - Stopped by Connor Hellebuyck without a rebound.
17:14 of 1st period - Brayden Point wins face-off versus Nathan MacKinnon in St.Louis Blues zone.
17:25 of 1st period - Wrist shot by Cole Caufield.
17:25 of 1st period - Stopped by Connor Hellebuyck without a rebound.
17:26 of 1st period - Nathan MacKinnon wins face-off versus Robert Thomas in St.Louis Blues zone.
17:35 of 1st period - Snap shot by Robert Thomas.
17:35 of 1st period - Stopped by Kevin Lankinen without a rebound.
17:36 of 1st period - Robert Thomas wins face-off versus Nathan MacKinnon in New York Rangers zone.
17:41 of 1st period - Slapshot by Robert Thomas.
17:41 of 1st period - Goal by Robert Thomas - New York Rangers : 0 - St.Louis Blues : 2.
17:42 of 1st period - Nathan MacKinnon wins face-off versus Robert Thomas in neutral zone.
17:57 of 1st period - Slapshot by Cole Caufield.
17:57 of 1st period - Stopped by Connor Hellebuyck without a rebound.
17:58 of 1st period - Evgeni Malkin wins face-off versus Brayden Point in St.Louis Blues zone.
18:10 of 1st period - Slapshot by Mikhail Sergachev.
18:10 of 1st period - Shot Blocked by Victor Hedman.
18:12 of 1st period - Snap shot by Brayden Point.
18:12 of 1st period - Stopped by Kevin Lankinen without a rebound.
18:13 of 1st period - Nathan MacKinnon wins face-off versus Robert Thomas in New York Rangers zone.
18:40 of 1st period - Colton Parayko is hit by Kyle Palmieri and loses puck.
19:17 of 1st period - Backhand shot by Mikael Granlund.
19:17 of 1st period - Shot Misses the Net.
19:47 of 1st period - Icing by Mikhail Sergachev.
19:48 of 1st period - Noel Acciari wins face-off versus Mark Stone in St.Louis Blues zone.
19:59 of 1st period - Wrist shot by Kyle Palmieri.
19:59 of 1st period - Stopped by Connor Hellebuyck without a rebound.
Goals for this period are 0 for New York Rangers vs 2 for St.Louis Blues.
Shots for this period are 13 for New York Rangers vs 18 for St.Louis Blues.
2nd period
0:01 of 2nd period - Robert Thomas wins face-off versus Nathan MacKinnon in neutral zone.
0:26 of 2nd period - Artemi Panarin is hit by Artem Zub and loses puck.
1:09 of 2nd period - Slapshot by Mark Stone.
1:09 of 2nd period - Stopped by Kevin Lankinen without a rebound.
1:10 of 2nd period - Robert Thomas wins face-off versus Evgeni Malkin in New York Rangers zone.
1:15 of 2nd period - Slapshot by Victor Hedman.
1:15 of 2nd period - Deflect By Kyle Palmieri.
1:15 of 2nd period - Shot Blocked by Mikhail Sergachev.
1:15 of 2nd period - Puck is out of play.
1:16 of 2nd period - Evgeni Malkin wins face-off versus Robert Thomas in St.Louis Blues zone.
1:17 of 2nd period - Slapshot by Timo Meier.
1:17 of 2nd period - Shot Blocked by Nikita Kucherov.
1:19 of 2nd period - Slapshot by Logan Stanley.
1:19 of 2nd period - Shot Blocked by Robert Thomas.
1:21 of 2nd period - Snap shot by Victor Hedman.
1:21 of 2nd period - Deflect By Kyle Palmieri.
1:21 of 2nd period - Shot Misses the Net.
1:21 of 2nd period - Puck is out of play.
1:22 of 2nd period - Evgeni Malkin wins face-off versus Robert Thomas in St.Louis Blues zone.
1:23 of 2nd period - Slapshot by Timo Meier.
1:23 of 2nd period - Deflect By Kyle Palmieri.
1:23 of 2nd period - Shot Blocked by Jack Eichel.
1:23 of 2nd period - Puck is out of play.
1:24 of 2nd period - Robert Thomas wins face-off versus Evgeni Malkin in St.Louis Blues zone.
1:24 of 2nd period - Robert Thomas is hit by Timo Meier.
1:57 of 2nd period - Off-side.
1:58 of 2nd period - Vincent Trocheck wins face-off versus Cole Caufield in neutral zone.
2:02 of 2nd period - Minor Penalty to Adam Larsson for Hooking.
2:03 of 2nd period - Jake Guentzel wins face-off versus Mikael Granlund in New York Rangers zone.
2:15 of 2nd period - Snap shot by Nikita Kucherov.
2:15 of 2nd period - Shot Misses the Net.
2:17 of 2nd period - Slapshot by Brayden Point.
2:17 of 2nd period - Shot Blocked by Dmitry Kulikov.
2:19 of 2nd period - Slapshot by Jake Sanderson.
2:19 of 2nd period - Deflect By Nikita Kucherov.
2:19 of 2nd period - Shot Misses the Net.
2:19 of 2nd period - Puck is out of play.
2:20 of 2nd period - Teuvo Teravainen wins face-off versus Jake Guentzel in New York Rangers zone.
2:49 of 2nd period - Slapshot by Vincent Trocheck.
2:49 of 2nd period - Shot Misses the Net.
3:21 of 2nd period - Victor Hedman is hit by Nikita Kucherov and loses puck.
3:43 of 2nd period - Brandon Hagel is hit by Dmitry Kulikov and loses puck.
4:02 of 2nd period - Penalty to Adam Larsson is over, Adam Larsson is back on ice.
4:04 of 2nd period - Nikita Kucherov is hit by Teuvo Teravainen and loses puck.
4:27 of 2nd period - Brandon Tanev is hit by Cole Caufield and loses puck.
5:37 of 2nd period - Slapshot by Noel Acciari.
5:37 of 2nd period - Shot Misses the Net.
6:53 of 2nd period - Wrist shot by Timo Meier.
6:53 of 2nd period - Shot Misses the Net.
7:11 of 2nd period - Cole Caufield is hit by Isac Lundestrom.
8:26 of 2nd period - Adam Larsson is hit by Brandon Tanev and loses puck.
8:31 of 2nd period - Snap shot by Logan O'Connor.
8:31 of 2nd period - Stopped by Kevin Lankinen without a rebound.
8:32 of 2nd period - Vincent Trocheck wins face-off versus Nathan MacKinnon in New York Rangers zone.
8:39 of 2nd period - Wrist shot by Vincent Trocheck.
8:39 of 2nd period - Goal by Vincent Trocheck - New York Rangers : 0 - St.Louis Blues : 3.
8:40 of 2nd period - Nathan MacKinnon wins face-off versus Robert Thomas in neutral zone.
8:51 of 2nd period - Slapshot by Jake Sanderson.
8:51 of 2nd period - Shot Blocked by Adam Larsson.
8:53 of 2nd period - Slapshot by Jake Sanderson.
8:53 of 2nd period - Stopped by Kevin Lankinen with a rebound.
9:11 of 2nd period - Wrist shot by Evgeni Malkin.
9:11 of 2nd period - Stopped by Connor Hellebuyck with a rebound.
9:31 of 2nd period - Slapshot by Logan O'Connor.
9:31 of 2nd period - Shot Misses the Net.
9:49 of 2nd period - Icing by Timo Meier.
9:50 of 2nd period - Dylan Strome wins face-off versus Vincent Trocheck in New York Rangers zone.
10:17 of 2nd period - Mikael Granlund is hit by Vincent Trocheck and loses puck.
10:26 of 2nd period - Snap shot by Vincent Trocheck.
10:26 of 2nd period - Shot Misses the Net.
10:47 of 2nd period - Wrist shot by Alex Tuch.
10:47 of 2nd period - Shot Misses the Net.
10:49 of 2nd period - Slapshot by Mikhail Sergachev.
10:49 of 2nd period - Shot Blocked by Logan Stanley.
10:51 of 2nd period - Slapshot by Vincent Trocheck.
10:51 of 2nd period - Stopped by Kevin Lankinen without a rebound.
10:52 of 2nd period - Robert Thomas wins face-off versus Nathan MacKinnon in New York Rangers zone.
11:05 of 2nd period - Snap shot by Robert Thomas.
11:05 of 2nd period - Shot Misses the Net.
11:07 of 2nd period - Slapshot by Colton Parayko.
11:07 of 2nd period - Shot Blocked by Artemi Panarin.
11:09 of 2nd period - Slapshot by Jake Sanderson.
11:09 of 2nd period - Stopped by Kevin Lankinen without a rebound.
11:10 of 2nd period - Brayden Point wins face-off versus Evgeni Malkin in New York Rangers zone.
11:11 of 2nd period - Snap shot by Mark Stone.
11:11 of 2nd period - Stopped by Kevin Lankinen with a rebound.
11:23 of 2nd period - Snap shot by Brayden Point.
11:23 of 2nd period - Stopped by Kevin Lankinen with a rebound.
11:25 of 2nd period - Wrist shot by Jake Guentzel.
11:25 of 2nd period - Stopped by Kevin Lankinen with a rebound.
11:33 of 2nd period - Minor Penalty to Timo Meier for Holding.
11:34 of 2nd period - Jake Guentzel wins face-off versus Teuvo Teravainen in New York Rangers zone.
12:21 of 2nd period - Nikita Kucherov is hit by Mikael Granlund and loses puck.
13:20 of 2nd period - Cole Caufield is hit by Brandon Hagel and loses puck.
13:33 of 2nd period - Penalty to Timo Meier is over, Timo Meier is back on ice.
13:34 of 2nd period - Icing by Jake Sanderson.
13:35 of 2nd period - Nathan MacKinnon wins face-off versus Jake Guentzel in St.Louis Blues zone.
13:36 of 2nd period - Snap shot by Artemi Panarin.
13:36 of 2nd period - Shot Blocked by Brayden Point.
13:38 of 2nd period - Slapshot by Artemi Panarin.
13:38 of 2nd period - Stopped by Connor Hellebuyck without a rebound.
13:39 of 2nd period - Nathan MacKinnon wins face-off versus Jake Guentzel in St.Louis Blues zone.
13:46 of 2nd period - Wrist shot by Artemi Panarin.
13:46 of 2nd period - Stopped by Connor Hellebuyck without a rebound.
13:47 of 2nd period - Isac Lundestrom wins face-off versus Nathan MacKinnon in St.Louis Blues zone.
14:12 of 2nd period - Kyle Palmieri is hit by Jack Eichel.
14:18 of 2nd period - Slapshot by Timo Meier.
14:18 of 2nd period - Shot Misses the Net.
14:32 of 2nd period - Logan Stanley is hit by Brayden Point and loses puck.
15:47 of 2nd period - Slapshot by Marcus Foligno.
15:47 of 2nd period - Stopped by Connor Hellebuyck with a rebound.
15:49 of 2nd period - Slapshot by Dmitry Kulikov.
15:49 of 2nd period - Stopped by Connor Hellebuyck without a rebound.
15:50 of 2nd period - Robert Thomas wins face-off versus Nathan MacKinnon in St.Louis Blues zone.
16:44 of 2nd period - Snap shot by Vincent Trocheck.
16:44 of 2nd period - Shot Blocked by Logan Stanley.
16:46 of 2nd period - Wrist shot by Brandon Hagel.
16:46 of 2nd period - Shot Misses the Net.
16:48 of 2nd period - Wrist shot by Brandon Hagel.
16:48 of 2nd period - Stopped by Kevin Lankinen with a rebound.
16:50 of 2nd period - Wrist shot by Vincent Trocheck.
16:50 of 2nd period - Stopped by Kevin Lankinen without a rebound.
16:51 of 2nd period - Robert Thomas wins face-off versus Nathan MacKinnon in New York Rangers zone.
17:29 of 2nd period - Off-side.
17:30 of 2nd period - Robert Thomas wins face-off versus Timo Meier in neutral zone.
18:38 of 2nd period - Jack Eichel is hit by Artemi Panarin and loses puck.
18:59 of 2nd period - Slapshot by Mikhail Sergachev.
18:59 of 2nd period - Stopped by Kevin Lankinen with a rebound.
19:03 of 2nd period - Slapshot by Mikhail Sergachev.
19:03 of 2nd period - Shot Misses the Net.
19:05 of 2nd period - Slapshot by Artem Zub.
19:05 of 2nd period - Shot Misses the Net.
19:43 of 2nd period - Slapshot by Conor Garland.
19:43 of 2nd period - Shot Blocked by Jaccob Slavin.
19:51 of 2nd period - Snap shot by Conor Garland.
19:51 of 2nd period - Stopped by Connor Hellebuyck with a rebound.
Goals for this period are 0 for New York Rangers vs 1 for St.Louis Blues.
Shots for this period are 6 for New York Rangers vs 12 for St.Louis Blues.
3rd period
0:01 of 3rd period - Robert Thomas wins face-off versus Nathan MacKinnon in neutral zone.
0:08 of 3rd period - Slapshot by Robert Thomas.
0:08 of 3rd period - Stopped by Kevin Lankinen without a rebound.
0:09 of 3rd period - Robert Thomas wins face-off versus Nathan MacKinnon in New York Rangers zone.
0:24 of 3rd period - Snap shot by Nikita Kucherov.
0:24 of 3rd period - Shot Blocked by Logan Stanley.
0:26 of 3rd period - Slapshot by Colton Parayko.
0:26 of 3rd period - Shot Misses the Net.
0:28 of 3rd period - Slapshot by Colton Parayko.
0:28 of 3rd period - Deflect By Nathan MacKinnon.
0:28 of 3rd period - Stopped by Kevin Lankinen with a rebound.
0:30 of 3rd period - Slapshot by Jake Sanderson.
0:30 of 3rd period - Stopped by Kevin Lankinen without a rebound.
0:31 of 3rd period - Evgeni Malkin wins face-off versus Brayden Point in New York Rangers zone.
0:31 of 3rd period - Evgeni Malkin is hit by Mark Stone.
1:22 of 3rd period - Teuvo Teravainen is hit by Alex Tuch and loses puck.
1:49 of 3rd period - Snap shot by Conor Garland.
1:49 of 3rd period - Goal by Conor Garland - New York Rangers : 1 - St.Louis Blues : 3.
1:50 of 3rd period - Robert Thomas wins face-off versus Nathan MacKinnon in neutral zone.
1:57 of 3rd period - Snap shot by Nikita Kucherov.
1:57 of 3rd period - Stopped by Kevin Lankinen without a rebound.
1:58 of 3rd period - Nathan MacKinnon wins face-off versus Robert Thomas in New York Rangers zone.
2:16 of 3rd period - Minor Penalty to Colton Parayko for Delaying the game.
2:17 of 3rd period - Vincent Trocheck wins face-off versus Cole Caufield in St.Louis Blues zone.
2:43 of 3rd period - Jake Sanderson is hit by Evgeni Malkin and loses puck.
4:16 of 3rd period - Penalty to Colton Parayko is over, Colton Parayko is back on ice.
4:19 of 3rd period - Nikita Kucherov is hit by Marcus Foligno and loses puck.
5:52 of 3rd period - Conor Garland is hit by Nikita Kucherov and loses puck.
6:06 of 3rd period - Off-side.
6:07 of 3rd period - Vincent Trocheck wins face-off versus Nathan MacKinnon in neutral zone.
6:33 of 3rd period - Backhand shot by Mark Stone.
6:33 of 3rd period - Stopped by Kevin Lankinen with a rebound.
7:32 of 3rd period - Minor Penalty to Logan Stanley for Roughing.
7:33 of 3rd period - Teuvo Teravainen wins face-off versus Jake Guentzel in New York Rangers zone.
9:32 of 3rd period - Penalty to Logan Stanley is over, Logan Stanley is back on ice.
10:01 of 3rd period - Adam Pelech is hit by Kyle Palmieri.
10:19 of 3rd period - Snap shot by Teuvo Teravainen.
10:19 of 3rd period - Shot Misses the Net.
10:47 of 3rd period - Brandon Hagel is hit by Adam Larsson and loses puck.
11:21 of 3rd period - Dmitry Kulikov is hit by Isac Lundestrom and loses puck.
11:39 of 3rd period - Adam Pelech is hit by Cole Caufield.
12:09 of 3rd period - Wrist shot by Timo Meier.
12:09 of 3rd period - Shot Misses the Net.
13:26 of 3rd period - Robert Thomas is hit by Noel Acciari and loses puck.
13:37 of 3rd period - Minor Penalty to Nikita Kucherov for Tripping.
13:38 of 3rd period - Dylan Strome wins face-off versus Isac Lundestrom in St.Louis Blues zone.
13:39 of 3rd period - Snap shot by Kyle Palmieri.
13:39 of 3rd period - Stopped by Connor Hellebuyck with a rebound.
14:03 of 3rd period - Cole Caufield is hit by Brandon Tanev and loses puck.
14:56 of 3rd period - Vincent Trocheck is hit by Dylan Strome and loses puck.
15:37 of 3rd period - Penalty to Nikita Kucherov is over, Nikita Kucherov is back on ice.
15:53 of 3rd period - Slapshot by Robert Thomas.
15:53 of 3rd period - Shot Misses the Net.
17:42 of 3rd period - Dylan Strome is hit by Alex Tuch and loses puck.
Goals for this period are 1 for New York Rangers vs 0 for St.Louis Blues.
Shots for this period are 2 for New York Rangers vs 5 for St.Louis Blues.
Back to the Top